 Dungeon Crawl Stone Soup version 0.28-a0-589-g333b8329f1 (webtiles) character file.

Game seed: 12422360791153333111

317115 Heedrag the Warrior (level 20, -4/172 HPs)
             Began as a Demonspawn Ice Elementalist on Oct 3, 2021.
             Was the Champion of Vehumet.
             Killed from afar by an electric golem (46 damage)
             ... with a bolt of lightning
             ... in a wizard's laboratory.
             The game lasted 02:53:16 (47066 turns).

Heedrag the Warrior (Demonspawn Ice Elementalist)  Turns: 47066, Time: 02:53:16

Health: -4/172     AC: 30    Str:  9    XL:     20   Next: 55%
Magic:  4/37       EV: 16    Int: 29    God:    Vehumet [******]
Gold:   2689       SH: 10    Dex: 16    Spells: 13/46 levels left

rFire   . . .      SeeInvis +   U - staff of conjuration
rCold   + . .      Faith    .   T - +3 buckler {reflect}
rNeg    . . .      Spirit   .   z - +5 ring mail "Ysamp" {Regen+ rCorr}
rPois   +          Reflect  +   i - +2 helmet {SInv}
rElec   .          Harm     .   H - +0 cloak
rCorr   +          Rampage  .   Y - +1 pair of gloves
Will    +....                   (boots unavailable)
Stlth   +++.......              e - amulet of magic regeneration
HPRegen 1.38/turn               h - ring of the Octopus King {rC+ AC+1 EV+1 Str+1 Int+1 Dex+1}
MPRegen 0.50/turn               E - ring "Miaffif" {rPois Int+3 SInv}

@: sanguine armoured, studying Armour
A: talons 3, powered by death 3, spiny 2, sanguine armour 2
}: 2/15 runes: decaying, gossamer
a: Renounce Religion


You were in a wizard's laboratory.
You worshipped Vehumet.
Vehumet was exalted by your worship.
You visited 7 branches of the dungeon, and saw 36 of its levels.
You also visited: Sewer, Gauntlet, Wizlab and Desolation.

You collected 4073 gold pieces.
You spent 1384 gold pieces at shops.

Inventory:

Hand Weapons
 a - the +5 hand axe of Dividends {vorpal, rPois Dex+4}
   (You found it in a wizard's laboratory)

   It inflicts extra damage upon your enemies.
   Dex:       It affects your dexterity (+4).
   rPois:     It protects you from poison.
 R - the +8 hand axe of the Spider Nest {protect, Str+4 SInv}
   (You took it off a minotaur in a Gauntlet)

   It grants its wielder temporary protection when it strikes (+7 to AC).
   Str:       It affects your strength (+4).
   SInv:      It lets you see invisible.
Missiles
 c - a throwing net {!f}
 f - 28 boomerangs (quivered)
Armour
 i - a +2 helmet of see invisible (worn)
   (You found it in the Desolation of Salt)
 y - the +15 Maxwell's patent armour {-Cast -Tele rElec Will+ rCorr}
   (You found it in a wizard's laboratory)

   rElec:     It insulates you from electricity.
   -Cast:     It prevents spellcasting.
   -Tele:     It prevents most forms of teleportation.
   rCorr:     It protects you from acid and corrosion.
   Will:      It increases your willpower.
 z - the +5 ring mail "Ysamp" (worn) {Regen+ rCorr}
   (You bought it in a shop on level 1 of the Dungeon)

   Regen:     It increases your rate of health regeneration.
   rCorr:     It protects you from acid and corrosion.
 H - a +0 cloak (worn)
   (You found it on level 9 of the Dungeon)
 T - a +3 buckler of reflection (worn)
   (You found it on level 13 of the Dungeon)
 Y - a +1 pair of gloves (worn)
   (You found it on level 6 of the Lair of Beasts)
Magical Staves
 U - a staff of conjuration (weapon)
   (You found it in a Gauntlet)
 Z - a staff of cold
   (You found it in the Desolation of Salt)
Jewellery
 e - an amulet of magic regeneration (around neck)
   (You found it on level 5 of the Dungeon)
 h - a ring of the Octopus King (left hand) {rC+ AC+1 EV+1 Str+1 Int+1 Dex+1}
   (You found it on level 2 of the Orcish Mines)

   [ring of protection from cold]

   AC:        It affects your AC (+1).
   EV:        It affects your evasion (+1).
   Str:       It affects your strength (+1).
   Int:       It affects your intelligence (+1).
   Dex:       It affects your dexterity (+1).
   rC:        It protects you from cold.
 m - the ring "Xuhozeho" {Wiz Int+3 Dex+4}
   (You found it in a wizard's laboratory)

   [ring of wizardry]

   It improves your spell success rate.
   Int:       It affects your intelligence (+3).
   Dex:       It affects your dexterity (+4).
 s - a ring of flight
   (You found it on level 2 of the Lair of Beasts)
 A - the ring of Heej {Ice *Slow Str+5}
   (You found it in a wizard's laboratory)

   [ring of ice]

   It enhances your ice magic.
   Str:       It affects your strength (+5).
   rF:        It makes you vulnerable to fire.
   rC:        It protects you from cold.
   *Slow:     It may slow you when you take damage.
 E - the ring "Miaffif" (right hand) {rPois Int+3 SInv}
   (You found it on level 3 of the Lair of Beasts)

   [ring of see invisible]

   Int:       It affects your intelligence (+3).
   rPois:     It protects you from poison.
   SInv:      It lets you see invisible.
 M - the ring "Wosialu" {Ice Str+4 Int+5}
   (You found it in a wizard's laboratory)

   [ring of ice]

   It enhances your ice magic.
   Str:       It affects your strength (+4).
   Int:       It affects your intelligence (+5).
   rF:        It makes you vulnerable to fire.
   rC:        It protects you from cold.
 P - the ring of Fedhas's Generosity {Ice rElec rN+ rCorr}
   (You found it in a wizard's laboratory)

   [ring of ice]

   It enhances your ice magic.
   rF:        It makes you vulnerable to fire.
   rC:        It protects you from cold.
   rElec:     It insulates you from electricity.
   rN:        It protects you from negative energy.
   rCorr:     It protects you from acid and corrosion.
 S - the ring "Uweocot" {Fire Will- Dex+6}
   (You took it off an ironbound thunderhulk in a wizard's laboratory)

   [ring of fire]

   It enhances your fire magic.
   Dex:       It affects your dexterity (+6).
   rF:        It protects you from fire.
   rC:        It makes you vulnerable to cold.
   Will:      It decreases your willpower.
Wands
 d - a wand of iceblast (89)
   (You found it on level 9 of the Dungeon)
 r - a wand of charming (22)
   (You found it on level 2 of the Lair of Beasts)
 u - a wand of paralysis (14)
   (You found it on level 2 of the Spider Nest)
 v - a wand of digging (12)
   (You found it on level 4 of the Lair of Beasts)
 x - a wand of acid (41)
   (You took it off Maurice on level 9 of the Dungeon)
 B - a wand of polymorph (18)
   (You found it on level 7 of the Dungeon)
 C - a wand of mindburst (7)
   (You found it on level 2 of the Swamp)
Scrolls
 g - 18 scrolls of teleportation {@r4}
 k - 2 scrolls of identify {@r1}
 l - a scroll of summoning
 D - 2 scrolls of fear
 G - 4 scrolls of blinking
 J - a scroll of fog
 K - a scroll of silence
 L - 7 scrolls of immolation {!r}
 W - 5 scrolls of vulnerability {!r}
Potions
 b - 2 potions of heal wounds {@q2}
 j - 2 potions of resistance
 n - 8 potions of lignification {!q}
 p - 2 potions of cancellation
 q - a potion of invisibility
 t - 7 potions of ambrosia
 w - 8 potions of brilliance
 F - a potion of magic
 I - 12 potions of haste {@q3}
 N - 3 potions of flight
 X - 13 potions of curing {@q1}
Miscellaneous
 o - a phantom mirror
   (You found it in the Desolation of Salt)
 O - a lightning rod (4/4) {!a}
   (You found it in a Gauntlet)
 Q - a box of beasts (inert)
   (You found it in a Gauntlet)
 V - a condenser vane
   (You found it in a Gauntlet)


   Skills:
 - Level 18.5 Fighting
 - Level 2.0 Throwing
 - Level 12.0 Armour
 - Level 10.7 Dodging
 - Level 6.0 Stealth
 - Level 10.0 Shields
 - Level 13.7 Spellcasting
 - Level 10.0 Conjurations
 - Level 17.5 Ice Magic
 * Level 7.7 Earth Magic
 - Level 10.0 Evocations


You had 13 spell levels left.
You knew the following spells:

 Your Spells              Type           Power      Damage    Failure   Level
a - Freeze                Ice            100%       1d11      0%          1
b - Frozen Ramparts       Ice            100%       1d12      0%          3
c - Ozocubu's Armour      Ice            88%        N/A       0%          3
d - Hailstorm             Conj/Ice       99%        3d19      1%          4
e - Shock                 Conj/Air       100%       1d9       1%          1
f - Ozocubu's Refrigerat  Ice            44%        4d13      1%          7
g - Irradiate             Conj/Tmut      32%        3d24      5%          5
h - Iron Shot             Conj/Erth      41%        9d8       6%          6
x - Stone Arrow           Conj/Erth      100%       3d13      1%          3

Your spell library contained the following spells:

 Spells                   Type           Power      Damage    Failure   Level
 Polar Vortex             Ice            44%        N/A       67%         9
 Lehudib's Crystal Spear  Conj/Erth      41%        10d10     90%         8
 Maxwell's Capacitive Co  Air            9%         ∞         100%        8
 Foxfire                  Conj/Fire      100%       2x1d9     1%          1
 Conjure Flame            Conj/Fire      65%        6-21      1%          3
 Dazzling Flash           Conj/Hex       100%       N/A       1%          3
 Flame Wave               Conj/Fire      65%        3d12      1%          4
 Summon Ice Beast         Ice/Summ       63%        N/A       1%          4
 Poisonous Vapours        Pois/Air       38%        N/A       2%          2
 Scorch                   Fire           38%        2d6       2%          2
 Inner Flame              Hex/Fire       19%        N/A       4%          3
 Animate Skeleton         Necr           38%        N/A       5%          1
 Apportation              Tloc           38%        N/A       5%          1
 Pain                     Necr           76%        1d7       5%          1
 Fireball                 Conj/Fire      32%        3d14      5%          5
 Lightning Bolt           Conj/Air       32%        1d50      5%          5
 Corpse Rot               Necr/Air       N/A        N/A       9%          2
 Slow                     Hex            19%        N/A       9%          2
 Leda's Liquefaction      Hex/Erth       21%        N/A       11%         4
 Airstrike                Air            9%         N/A       14%         4
 Olgreb's Toxic Radiance  Pois           19%        N/A       14%         4
 Call Canine Familiar     Summ           19%        N/A       16%         3
 Confusing Touch          Hex            19%        N/A       16%         3
 Portal Projectile        Hex/Tloc       38%        N/A       16%         3
 Summon Guardian Golem    Hex/Summ       19%        N/A       16%         3
 Tukima's Dance           Hex            19%        N/A       16%         3
 Vampiric Draining        Necr           9%         2d7       16%         3
 Starburst                Conj/Fire      32%        6d10      26%         6
 Borgnjor's Vile Clutch   Necr/Erth      21%        N/A       30%         5
 Animate Dead             Necr           9%         N/A       47%         4
 Summon Lightning Spire   Summ/Air       19%        N/A       47%         4
 Agony                    Necr           19%        N/A       83%         5
 Alistair's Intoxication  Tmut/Pois      12%        N/A       83%         5
 Blade Hands              Tmut           9%         N/A       83%         5
 Excruciating Wounds      Necr           9%         N/A       83%         5
 Silence                  Hex/Air        9%         N/A       83%         5
 Summon Forest            Summ/Tloc      9%         N/A       83%         5
 Summon Mana Viper        Hex/Summ       19%        N/A       83%         5
 Statue Form              Tmut/Erth      28%        N/A       86%         6
 Eringya's Noxious Bog    Tmut/Pois      9%         N/A       87%         6
 Death Channel            Necr           9%         N/A       100%        6
 Invisibility             Hex            9%         N/A       100%        6
 Summon Cactus Giant      Summ           9%         N/A       100%        6
 Monstrous Menagerie      Summ           9%         N/A       100%        7
 Summon Hydra             Summ           9%         N/A       100%        7
 Ignition                 Fire           9%         3d5       100%        8
 Chain Lightning          Conj/Air       32%        3d43      100%        9
 Fire Storm               Conj/Fire      32%        8d8       100%        9
 Shatter                  Erth           29%        3d24*     100%        9


Dungeon Overview and Level Annotations

Branches:
Dungeon (15/15)            Temple (1/1) D:4            Lair (6/6) D:10
  Swamp (4/4) Lair:4       Spider (4/4) Lair:2        Slime (0/5) Lair:6
    Orc (2/2) D:9             Elf (0/3) Orc:2        Vaults (4/5) D:14
  Crypt (0/3) Vaults:3      Sewer (visited)          WizLab (1/1)
Desolation (visited)      Gauntlet (visited)
 Depths: D:15

Altars:
Ashenzari
Cheibriados
Dithmenos
Elyvilon
Fedhas
Gozag
Hepliaklqana
Kikubaaqudgha
Makhleb
Nemelex Xobeh
Okawaru
Qazlal
Ru
Sif Muna
Trog
Uskayaw
Vehumet
Wu Jian
Xom
Yredelemnul
Zin
The Shining One
Beogh
Jiyva

Shops:
D:1 [   D:6 !   D:9 **   Orc:2 [([!   Vaults:1 !   Vaults:2 ?

Annotations:
Swamp:2 3 runed translucent doors, Biycvit's ghost, adept HuIE WizLab exclusion: lightning spire


Innate Abilities, Weirdness & Mutations

You have claws for feet.
You regenerate a lot of health from kills.
You are mostly covered in sharp spines.
When seriously injured, your bleeding wounds create thick armour. (AC +9)


Message History

The electric golem misses you. x2
The electric golem hits you but does no damage.
The electric golem closely misses you. You block the electric golem's attack.
The electric golem hits you but does no damage.
Unknown command.
The electric golem is struck by your spines.
The electric golem hits you but does no damage. x3
The electric golem closely misses you.
The electric golem hurls lightning at you.
The bolt of lightning hits you!!
* * * LOW HITPOINT WARNING * * *
The electric golem blinks!
The electric golem hurls lightning at you.
The bolt of lightning hits you!!
* * * LOW HITPOINT WARNING * * *
Blink to where?
As you read the scroll of blinking, it crumbles to dust.
You feel much better.
Unknown command.
The electric golem blinks!
Things that are here:
a +0 flail; a +0 mace Your magical contamination has completely faded away.
Aim: an electric golem (almost destroyed, 46% to hit)
You feel a surge of power!
The iron shot misses the electric golem.
The electric golem blinks!
The electric golem is struck by your spines.
The electric golem hits you but does no damage.
The electric golem hits you.
* * * LOW HITPOINT WARNING * * *
The electric golem shocks you!
* * * LOW HITPOINT WARNING * * *
The electric golem closely misses you. The electric golem barely misses you.
Unknown command.
Okay, then.
Here: an electric golem (almost destroyed)
The floor.
You feel much better. The electric golem closely misses you.
The electric golem hits you but does no damage.
The electric golem closely misses you.
The electric golem hits you but does no damage.
Unknown command.
Okay, then.
You open the lid... ...and a mature stingfire beast leaps out!
The box is emptied!
The electric golem hurls lightning at you.
The bolt of lightning hits you!!!
You die...

.## ######)###### ..##
#.........# ...#
#....#....# ...#
#....#....# ##.#
#####8......#####
..)####8..###.).###..8#
...#..#....#.....#....#
.÷.'..'....#.....#....#
.)8#..#....#....@#....#
...####......)..9)....#
.).# ####.).###.H.####
...# #....#####....#
...# #....#...#..).#
...# #....#...#....#
...# #........).)).#
..## #####....§#####
.## #.)..8#


You could see an electric golem (ally target) and a friendly mature stingfire
beast (summoned).

Vanquished Creatures
  Nikola (Spider:2)
  Arachne (Spider:4)
  2 tentacled monstrosities (Swamp:4)
  Jorgrun (Orc:2)
  A thorn hunter (Swamp:4)
  2 tengu reavers (Vaults:2)
  6 fenstrider witches (Swamp:4)
  2 fire giants (WizLab)
  Aizul (Swamp:1)
  3 orc warlords
  2 ghost moths (Spider:4)
  2 frost giants
  6 vault wardens
  3 emperor scorpions (Spider:4)
  2 imperial myrmidons (Desolation)
  An angel (WizLab)
  3 very ugly things (Vaults:2)
  9 ironbound preservers
  A war gargoyle (WizLab)
  2 halazid warlocks (Desolation)
  A minotaur (Gauntlet)
  2 entropy weavers
  2 bunyips (Swamp:4)
  12 dire elephants
  3 eleionomae
  2 green deaths (Swamp:4)
  8 crystal guardians
  The ghost of qborf the Destroyer, a journeyman DsCj of Gozag (Lair:3)
  A fire dragon (D:11)
  3 shambling mangroves (Swamp:4)
  Josephine (Lair:6)
  11 ironbound thunderhulks
  A great orb of eyes (Vaults:4)
  9 ragged hierophants (Desolation)
  3 salamander tyrants (WizLab)
  13 boulder beetles
  4 yaktaur captains
  5 vault guards
  20 hydras
  7 servants of whispers
  2 ghost crabs
  A rakshasa (D:13)
  2 ogre magi
  2 spriggan air magi
  8 peacekeepers
  4 catoblepae
  6 ironbound frosthearts
  A death knight (D:11)
  9 centaur warriors
  10 two-headed ogres
  11 alligators
  8 death scarabs (Spider:4)
  A tengu warrior (D:13)
  6 death yaks
  4 orc high priests (Orc:2)
  Nergalle (Lair:1)
  2 soul eaters
  A titan skeleton (Vaults:3)
  9 skeletal warriors
  7 goliath frogs
  2 sixfirhies (Swamp:4)
  A death drake (Swamp:2)
  26 deep trolls
  2 wizards
  6 spriggan druids
  4 swamp dragons
  Pikel (D:6)
  5 bog bodies
  12 ironbound convokers
  3 wolf spider zombies (Spider:4)
  8 lindwurms
  A deep elf zephyrmancer (Swamp:4)
  4 deep elf pyromancers
  3 spectral wolf spiders (Spider:4)
  3 harpies (Vaults:2)
  6 orc sorcerers
  12 orb spiders
  10 orc knights
  23 wolf spiders
  A shadow dragon skeleton (Vaults:3)
  A tengu skeleton (Vaults:3)
  6 manticores
  13 ugly things
  A moth of wrath (shapeshifter) (D:13)
  9 elephants
  3 salamanders (WizLab)
  2 frost giant skeletons (Vaults:3)
  5 moths of wrath
  A stone giant skeleton (Vaults:3)
  8 cyclopes
  Maurice (D:9)
  5 will-o-the-wisps
  4 black mambas
  A black mamba (shapeshifter) (D:14)
  10 vault sentinels
  9 gargoyles (WizLab)
  3 molten gargoyles (WizLab)
  3 torpor snails
  3 guardian serpents (Desolation)
  An orange demon (Swamp:4)
  11 cane toads
  5 spectral redbacks (Spider:4)
  Psyche (D:12)
  2 efreet
  9 komodo dragons
  17 yaktaurs
  A redback zombie (Spider:4)
  14 demonic crawlers
  A freezing wraith (D:14)
  3 yaktaur skeletons (Vaults:3)
  11 trolls
  2 tengu conjurers (D:14)
  4 spectral jumping spiders (Spider:4)
  A merfolk (D:12)
  4 meliai
  36 jumping spiders
  20 hornets
  5 polar bears
  7 tyrant leeches
  2 human skeletons (Vaults:3)
  A tarantella zombie (Spider:4)
  6 large abominations (Gauntlet)
  31 blink frogs
  7 dream sheep
  A spectral tarantella (Spider:4)
  59 saltlings
  25 slime creatures
  A jumping spider zombie (Spider:4)
  Sigmund (D:3)
  73 redbacks
  8 spriggans
  2 shadows
  Eustachio (D:6)
  55 yaks
  2 vampires
  37 tarantellas
  3 wyverns
  10 wraiths
  3 basilisks
  2 fire elementals (WizLab)
  13 vampire mosquitoes
  A steam dragon (D:7)
  An elf skeleton (Vaults:3)
  2 chaos spawn (Swamp:4)
  15 small abominations (Gauntlet)
  15 swamp worms
  7 wargs
  2 acid dragons
  16 water moccasins
  A swamp drake (Swamp:3)
  A black bear (shapeshifter) (D:13)
  7 black bears
  49 orc warriors
  2 ice beasts (D:6)
  16 ogres
  50 wolves
  A necrophage (D:6)
  14 centaurs
  3 lemures (D:6)
  A phantom (D:7)
  3 kobold brigands
  11 bullfrogs
  2 earth elementals (WizLab)
  17 killer bees
  5 electric eels
  A howler monkey (D:14)
  4 crimson imps (D:3)
  2 centaur zombies
  35 orc priests
  5 hounds
  3 jellies
  3 bullfrog skeletons
  4 centaur skeletons
  7 iguanas
  Jessica (D:3)
  A lightning spire (WizLab)
  16 orc wizards
  Terence (D:2)
  5 hell rats (Lair:5)
  A hound skeleton (D:4)
  A howler monkey zombie (D:8)
  8 adders
  3 adder skeletons (D:4)
  2 worms (D:2)
  3 dart slugs
  89 orcs
  13 ball pythons
  13 endoplasms
  9 giant cockroaches
  6 goblins
  9 hobgoblins
  A jackal (D:5)
  6 quokkas
  5 bats
  A frilled lizard (D:2)
  32 kobolds
  16 rats
1522 creatures vanquished.

Vanquished Creatures (others)
  A peacekeeper (Vaults:3)
  A white imp (D:7)
  2 orcs (Orc:2)
  22 foxfires
  35 fungi
  66 plants
127 creatures vanquished.

Grand Total: 1649 creatures vanquished

Notes
Turn   | Place    | Note
-------+----------+-------------------------------------------
     0 | D:1      | Heedrag the Demonspawn Ice Elementalist began the quest for
                  | the Orb.
     0 | D:1      | Reached XP level 1. HP: 13/13 MP: 3/3
   252 | D:1      | Found Kosi's Armour Emporium.
   425 | D:1      | Gained mutation: When seriously injured, your bleeding
                  | wounds create armour. (AC +9) [demonic ancestry]
   425 | D:1      | Reached XP level 2. HP: 10/20 MP: 0/5
   928 | D:1      | Found a faded altar of an unknown god.
  1637 | D:2      | Reached XP level 3. HP: 24/25 MP: 1/6
  2053 | D:2      | Reached skill level 1 in Fighting
  2403 | D:2      | Learned a level 3 spell: Frozen Ramparts
  2600 | D:2      | Noticed Terence
  2607 | D:2      | Killed Terence
  2608 | D:2      | Gained mutation: You regenerate a little health from kills.
                  | [demonic ancestry]
  2608 | D:2      | Reached XP level 4. HP: 29/32 MP: 1/7
  2901 | D:2      | Found a shimmering altar of Xom.
  2996 | D:3      | Noticed Jessica
  3003 | D:3      | Killed Jessica
  3025 | D:3      | Noticed Sigmund
  3034 | D:3      | Killed Sigmund
  3035 | D:3      | Reached skill level 2 in Fighting
  3035 | D:3      | Gained mutation: You have sharp toenails. [demonic
                  | ancestry]
  3035 | D:3      | Reached XP level 5. HP: 22/38 MP: 3/9
  3035 | D:3      | Gained mutation: You regenerate health from kills. [demonic
                  | ancestry]
  3035 | D:3      | Reached XP level 6. HP: 25/44 MP: 3/10
  3216 | D:3      | Reached skill level 1 in Shields
  3239 | D:3      | Found a sacrificial altar of Ru.
  3346 | D:3      | Found a shimmering altar of Xom.
  3350 | D:3      | Reached skill level 5 in Ice Magic
  3590 | D:3      | Learned a level 4 spell: Hailstorm
  3594 | D:3      | Learned a level 3 spell: Ozocubu's Armour
  3599 | D:3      | Found an iron altar of Okawaru.
  3838 | D:4      | Reached XP level 7. HP: 37/51 MP: 6/11
  4003 | D:4      | Found a glowing drain.
  4007 | Sewer    | Entered a sewer
  4594 | D:4      | Found a staircase to the Ecumenical Temple.
  4622 | Temple   | Entered the Ecumenical Temple
  4896 | D:4      | Reached skill level 3 in Fighting
  5073 | D:4      | Found a stormy altar of Qazlal.
  5087 | D:5      | Entered Level 5 of the Dungeon
  5162 | D:5      | Noticed a troll
  5511 | D:5      | Found a sparkling altar of Nemelex Xobeh.
  6071 | D:5      | Reached XP level 8. HP: 8/58 MP: 4/13
  6279 | D:5      | Killed a troll
  6280 | D:5      | Reached skill level 1 in Conjurations
  7247 | D:6      | Noticed Pikel
  7247 | D:6      | Noticed Eustachio
  7264 | D:6      | Killed Pikel
  7265 | D:6      | Reached skill level 4 in Fighting
  7265 | D:6      | Reached skill level 1 in Throwing
  7265 | D:6      | Reached XP level 9. HP: 57/65 MP: 4/15
  7275 | D:6      | Killed Eustachio
  7339 | D:6      | Found Itelien's Distillery.
  7348 | D:6      | Bought a potion of curing for 39 gold pieces
  7348 | D:6      | Bought a potion of heal wounds for 65 gold pieces
  8889 | D:7      | Found a radiant altar of Vehumet.
  8902 | D:7      | Reached skill level 5 in Stealth
  8904 | D:7      | Became a worshipper of Vehumet
  8919 | D:7      | Found an opulent altar of Gozag.
  9134 | D:7      | Reached skill level 5 in Spellcasting
  9606 | D:8      | Reached skill level 5 in Fighting
  9612 | D:8      | Reached skill level 5 in Dodging
  9614 | D:8      | Gained mutation: When seriously injured, your bleeding
                  | wounds create thick armour. (AC +9) [demonic ancestry]
  9614 | D:8      | Reached XP level 10. HP: 43/74 MP: 2/17
 10442 | D:8      | Found a shadowy altar of Dithmenos.
 10729 | D:9      | Noticed a cyclops
 10736 | D:9      | Killed a cyclops
 10984 | D:9      | Found Xatwamn's General Store.
 11009 | D:9      | Reached * piety under Vehumet
 11009 | D:9      | Offered knowledge of Shock by Vehumet.
 11153 | D:9      | Found a hazy altar of Hepliaklqana.
 11249 | D:9      | Found Lemeofaf's Overcharged Wands.
 11358 | D:9      | Reached skill level 6 in Fighting
 11485 | D:9      | Found an ornate altar of the Wu Jian Council.
 11504 | D:9      | Learned a level 1 spell: Shock
 11562 | D:9      | Offered knowledge of Sandblast by Vehumet.
 11562 | D:9      | Reached ** piety under Vehumet
 11613 | D:9      | Reached skill level 5 in Conjurations
 11708 | D:9      | Found a staircase to the Orcish Mines.
 11873 | D:9      | Noticed Maurice
 11885 | D:9      | Killed Maurice
 11886 | D:9      | Gained mutation: You regenerate a lot of health from kills.
                  | [demonic ancestry]
 11886 | D:9      | Reached XP level 11. HP: 23/81 MP: 13/20
 12344 | D:10     | Entered Level 10 of the Dungeon
 12435 | D:10     | Found a blossoming altar of Fedhas.
 12531 | D:10     | You fall into a shaft and drop 2 floors!
 12531 | D:12     | Found a gate leading to a gauntlet.
 12534 | D:12     | Noticed Psyche
 12538 | Gauntlet | Entered a Gauntlet
 12538 | Gauntlet | Found a transporter.
 12538 | Gauntlet | Found a transporter.
 12544 | Gauntlet | Found a transporter.
 12545 | Gauntlet | Found a runed translucent door.
 12546 | Gauntlet | Found a runed translucent door.
 12547 | Gauntlet | Noticed a soul eater
 12556 | Gauntlet | Found a transporter.
 12574 | Gauntlet | Found a transporter.
 12574 | Gauntlet | Found a transporter.
 12574 | Gauntlet | Found a transporter.
 12576 | Gauntlet | Found a transporter.
 12576 | Gauntlet | Found a transporter.
 12578 | Gauntlet | Noticed a green death
 12582 | Gauntlet | Noticed a glowing orange brain
 12584 | Gauntlet | Noticed a glowing orange brain
 12585 | Gauntlet | Noticed a white ugly thing
 12588 | Gauntlet | Found a transporter.
 12604 | Gauntlet | Found a transporter.
 12614 | Gauntlet | Found a transporter.
 12631 | Gauntlet | Found a transporter.
 12647 | Gauntlet | Found a transporter.
 12797 | Gauntlet | Offered knowledge of Dazzling Flash by Vehumet.
 12832 | Gauntlet | Identified the +3 pair of boots of the Gloaming {Regen+}
 12862 | Gauntlet | Identified the +8 hand axe of the Spider Nest {protect,
                  | Str+4 SInv}
 12862 | Gauntlet | Noticed a minotaur
 12874 | Gauntlet | Killed a minotaur
 12875 | Gauntlet | Reached skill level 7 in Fighting
 12875 | Gauntlet | Reached skill level 10 in Ice Magic
 12957 | Gauntlet | Got the Disquisition on the Escort
 12983 | D:12     | Noticed a five-headed hydra
 13013 | D:12     | Reached *** piety under Vehumet
 13058 | D:12     | Killed a five-headed hydra
 13099 | D:12     | Noticed a two-headed ogre
 13101 | D:12     | Noticed a two-headed ogre
 13188 | D:10     | Found a staircase to the Lair.
 13354 | D:10     | Offered knowledge of Stone Arrow by Vehumet.
 13361 | D:10     | Learned a level 3 spell: Stone Arrow
 13905 | D:11     | Reached XP level 12. HP: 92/92 MP: 8/23
 13941 | D:11     | Noticed a centaur warrior
 13951 | D:11     | Killed a centaur warrior
 13952 | D:11     | Reached skill level 1 in Earth Magic
 13955 | D:11     | Noticed a death knight
 13962 | D:11     | Noticed a boulder beetle
 13964 | D:11     | Noticed a seven-headed hydra
 13967 | D:11     | Noticed a five-headed hydra
 13975 | D:11     | Killed a death knight
 14068 | Lair:1   | Entered Level 1 of the Lair of Beasts
 14094 | Lair:1   | Reached skill level 8 in Fighting
 14154 | Lair:1   | Reached **** piety under Vehumet
 14272 | Lair:1   | Reached skill level 1 in Evocations
 14336 | Lair:1   | Noticed Nergalle
 14346 | Lair:1   | Killed Nergalle
 14346 | Lair:1   | Offered knowledge of Olgreb's Toxic Radiance by Vehumet.
 14348 | Lair:1   | Noticed a six-headed hydra
 14375 | Lair:1   | Killed a six-headed hydra
 14443 | Lair:1   | Noticed a four-headed hydra
 14458 | Lair:1   | Killed a four-headed hydra
 15064 | Lair:2   | Noticed a seven-headed hydra
 15075 | Lair:2   | Killed a seven-headed hydra
 15268 | Lair:2   | Noticed a catoblepas
 15285 | Lair:2   | Killed a catoblepas
 15374 | Lair:2   | Found a hole to the Spider Nest.
 15383 | Lair:2   | Noticed a five-headed hydra
 15396 | Lair:2   | Killed a five-headed hydra
 16069 | Lair:3   | Reached XP level 13. HP: 100/100 MP: 8/25
 16266 | Lair:3   | Reached skill level 5 in Evocations
 16377 | Lair:3   | Found a transporter.
 16380 | Lair:3   | Noticed qborf's ghost (journeyman DsCj)
 16399 | Lair:3   | Found a transporter.
 16511 | Lair:3   | Reached skill level 9 in Fighting
 17103 | Lair:3   | Killed qborf's ghost
 17109 | Lair:3   | Identified the ring "Miaffif" {rPois Int+3 SInv}
 17199 | Lair:4   | Reached skill level 10 in Conjurations
 17593 | Lair:4   | Reached ***** piety under Vehumet
 17593 | Lair:4   | Offered knowledge of Fulminant Prism by Vehumet.
 17687 | Lair:4   | Found a broken altar of Ashenzari.
 18268 | Lair:4   | Reached skill level 5 in Earth Magic
 18281 | Lair:4   | Found a staircase to the Swamp.
 18302 | Lair:4   | Reached skill level 10 in Fighting
 19512 | Lair:6   | Entered Level 6 of the Lair of Beasts
 19522 | Lair:6   | HP: 4/104 [six-headed hydra (5)]
 19525 | Lair:6   | Gained mutation: You have razor-sharp toenails. [demonic
                  | ancestry]
 19525 | Lair:6   | Reached XP level 14. HP: 16/111 MP: 16/27
 19596 | Lair:6   | Reached skill level 11 in Fighting
 19710 | Lair:6   | Found a viscous altar of Jiyva.
 19711 | Lair:6   | Found a staircase to the Slime Pits.
 20251 | Lair:6   | Offered knowledge of Ozocubu's Refrigeration by Vehumet.
 20252 | Lair:6   | Noticed Josephine
 20263 | Lair:6   | Killed Josephine
 20307 | Lair:6   | Reached skill level 10 in Spellcasting
 20379 | Lair:6   | Reached skill level 12 in Fighting
 20382 | Lair:6   | Got the Almanac of Clay
 20393 | Lair:6   | Learned a level 7 spell: Ozocubu's Refrigeration
 20548 | Lair:6   | Reached skill level 1 in Armour
 20739 | Lair:6   | Identified the +9 spear "Xifaidgh" {pain, Will+}
 21507 | Orc:1    | Entered Level 1 of the Orcish Mines
 21853 | Orc:2    | Entered Level 2 of the Orcish Mines
 21970 | Orc:2    | Noticed Jorgrun
 21976 | Orc:2    | Killed Jorgrun
 22302 | Orc:2    | Offered knowledge of Lightning Bolt by Vehumet.
 22510 | Orc:2    | Gained mutation: You have claws for feet. [demonic
                  | ancestry]
 22510 | Orc:2    | Reached XP level 15. HP: 122/122 MP: 29/29
 22591 | Orc:2    | Found the ring of the Octopus King
 22626 | Orc:2    | Identified a ring of the Octopus King {rC+ AC+1 EV+1 Str+1
                  | Int+1 Dex+1}
 22694 | Orc:2    | Found a staircase to the Elven Halls.
 22801 | Orc:2    | Found Nownuc's Antique Armour Shoppe.
 22858 | Orc:2    | Noticed an orc warlord
 22864 | Orc:2    | Killed an orc warlord
 23095 | Orc:2    | Found Rixko's Distillery.
 23364 | Orc:2    | Reached ****** piety under Vehumet
 23424 | Orc:2    | Offered knowledge of Irradiate by Vehumet.
 23431 | Orc:2    | Learned a level 5 spell: Irradiate
 23469 | Orc:2    | Found Penidu's Antique Weapon Emporium.
 23514 | Orc:2    | Found Amyt's Antique Armour Shoppe.
 23928 | Orc:1    | Noticed an orc warlord
 23938 | Orc:1    | Killed an orc warlord
 24166 | Orc:2    | Bought a distressingly furry robe for 148 gold pieces
 24166 | Orc:2    | Identified the +1 robe of a Billion Deaths {rElec Regen+
                  | Str+7 Int-4} (You bought it in a shop on level 2 of the
                  | Orcish Mines)
 24206 | Orc:2    | Bought a potion of brilliance for 64 gold pieces
 24206 | Orc:2    | Bought a potion of haste for 160 gold pieces
 24206 | Orc:2    | Bought a potion of mutation for 128 gold pieces
 24206 | Orc:2    | Bought a potion of heal wounds for 80 gold pieces
 24206 | Orc:2    | Bought a potion of curing for 48 gold pieces
 24206 | Orc:2    | Bought a potion of brilliance for 64 gold pieces
 24206 | Orc:2    | Bought a potion of curing for 48 gold pieces
 24565 | D:1      | Bought the +5 ring mail "Ysamp" {Regen+ rCorr} for 540 gold
                  | pieces
 24814 | Spider:1 | Entered Level 1 of the Spider Nest
 24916 | Spider:1 | Reached skill level 13 in Fighting
 25104 | Spider:1 | Identified the +9 glaive of the Valley {vorpal, rF+}
 25509 | Spider:1 | Offered knowledge of Conjure Ball Lightning by Vehumet.
 25890 | Spider:1 | Reached skill level 5 in Armour
 26170 | Spider:2 | Noticed Nikola
 26180 | Spider:2 | Killed Nikola
 26629 | Spider:2 | Offered knowledge of Iskenderun's Battlesphere by Vehumet.
 27011 | Spider:3 | Gained mutation: You are partially covered in sharp spines.
                  | [demonic ancestry]
 27011 | Spider:3 | Reached XP level 16. HP: 132/132 MP: 24/30
 27012 | Spider:3 | Reached skill level 5 in Shields
 27840 | Spider:4 | Entered Level 4 of the Spider Nest
 27932 | Spider:4 | Reached skill level 14 in Fighting
 28002 | Spider:4 | Offered knowledge of Spellforged Servitor by Vehumet.
 28242 | Spider:4 | Paralysed by a hornet for 2 turns
 28891 | Spider:4 | Noticed Arachne
 29013 | Spider:4 | Killed Arachne
 29351 | Spider:4 | Offered knowledge of Lehudib's Crystal Spear by Vehumet.
 29351 | Spider:4 | Offered knowledge of Polar Vortex by Vehumet.
 29351 | Spider:4 | Offered knowledge of Maxwell's Capacitive Coupling by
                  | Vehumet.
 29390 | Spider:4 | Got a gossamer rune of Zot
 29716 | Swamp:1  | Entered Level 1 of the Swamp
 29783 | Swamp:1  | Noticed Aizul
 29895 | Swamp:1  | Killed Aizul
 30221 | Swamp:1  | Gained mutation: You are mostly covered in sharp spines.
                  | [demonic ancestry]
 30221 | Swamp:1  | Reached XP level 17. HP: 128/140 MP: 7/32
 31056 | Swamp:2  | Found a runed translucent gate.
 31056 | Swamp:2  | Found a runed translucent gate.
 31056 | Swamp:2  | Found a runed translucent gate.
 31056 | Swamp:2  | Noticed Biycvit's ghost (adept HuIE)
 31851 | Swamp:3  | Reached skill level 15 in Fighting
 32391 | Swamp:4  | Entered Level 4 of the Swamp
 33239 | Swamp:4  | Paralysed by an ogre mage for 7 turns
 33364 | Swamp:4  | Noticed a tentacled monstrosity
 33377 | Swamp:4  | Killed a tentacled monstrosity
 33705 | Swamp:4  | Reached skill level 10 in Dodging
 33800 | Swamp:4  | Reached skill level 10 in Evocations
 33913 | Swamp:4  | Paralysed by a fenstrider witch for 7 turns
 33917 | Swamp:4  | Noticed a tentacled monstrosity
 33926 | Swamp:4  | Killed a tentacled monstrosity
 33976 | Swamp:4  | Got a decaying rune of Zot
 34104 | Swamp:4  | Reached skill level 15 in Ice Magic
 34394 | Lair:1   | Upgraded the game from 0.28-a0-580-ga2639ab843 to
                  | 0.28-a0-589-g333b8329f1
 34807 | D:11     | Reached XP level 18. HP: 138/151 MP: 26/34
 35005 | D:11     | Reached skill level 10 in Armour
 35048 | D:11     | Identified the +8 scimitar of Domination {vorpal, rF+
                  | Str+2}
 35663 | D:12     | Killed Psyche
 35918 | D:12     | You fall into a shaft and drop 1 floor!
 35929 | D:13     | Reached skill level 16 in Fighting
 37484 | D:13     | Found a bloodstained altar of Trog.
 37591 | D:13     | Identified the +4 trident of Growth {pain, Will+}
 37978 | D:14     | Paralysed by an ogre mage for 2 turns
 38303 | D:14     | Found a gate to the Vaults.
 38773 | D:15     | Entered Level 15 of the Dungeon
 38791 | Vaults:1 | Entered Level 1 of the Vaults
 39508 | Vaults:1 | Found Zoimefuf's Distillery.
 40590 | Vaults:2 | Reached skill level 17 in Fighting
 40594 | Vaults:2 | Reached XP level 19. HP: 161/161 MP: 13/35
 40637 | Vaults:2 | Found Kuvovefu's Magic Scroll Boutique.
 40824 | Vaults:2 | Found a crumbling gateway.
 40829 | Desolati | Entered the Desolation of Salt
 41133 | Desolati | Identified a scroll of acquirement
 41160 | Desolati | Got the Collected Works on Companions and Execration
 41482 | Desolati | Identified the amulet of Kindness {RegenMP Will++ Int-5
                  | Dex+5}
 41484 | Desolati | Identified the ring of the Original Sin {Ice rElec Slay+3}
 41491 | Desolati | Acquired 786 gold pieces
 41670 | Desolati | Identified the ring "Tamul" {Wiz rElec rF+ rC- Dex+3}
 41988 | Desolati | Identified the ring of Devotion {*Slow rF+ Will+ rCorr}
 42004 | Desolati | Got the Compendium of the Blaze
 42706 | Vaults:2 | Identified the +3 short sword of Courage {freeze, rElec rC+
                  | rCorr}
 43731 | Vaults:3 | Reached skill level 18 in Fighting
 44219 | Vaults:3 | Reached XP level 20. HP: 170/170 MP: 21/37
 45362 | Vaults:3 | Found a staircase to the Crypt.
 45657 | Vaults:4 | Reached skill level 10 in Shields
 45752 | Vaults:4 | Found a magical portal.
 45761 | WizLab   | Entered Maxwell's Workshop
 45936 | WizLab   | Learned a level 6 spell: Iron Shot
 46015 | WizLab   | HP: 8/172 [frost giant/bolt of cold (15)]
 46552 | WizLab   | Identified the +5 hand axe of Dividends {vorpal, rPois
                  | Dex+4}
 46554 | WizLab   | Identified the ring "Xuhozeho" {Wiz Int+3 Dex+4}
 46620 | WizLab   | Identified the ring "Uweocot" {Fire Will- Dex+6}
 46887 | WizLab   | Found the +15 Maxwell's patent armour {-Cast -Tele rElec
                  | Will+ rCorr}
 46896 | WizLab   | Identified the ring of Heej {Ice *Slow Str+5}
 46899 | WizLab   | Identified the ring "Wosialu" {Ice Str+4 Int+5}
 46902 | WizLab   | Identified the ring of Fedhas's Generosity {Ice rElec rN+
                  | rCorr}
 47058 | WizLab   | HP: 4/172 [electric golem/bolt of lightning (32)]
 47066 | WizLab   | Killed from afar by an electric golem

Illustrated notes

Levels and vault maps discovered:
D:1:      dpeg_arrival_radiant, layout_loops_corners,
          hellmonk_ecumenical_altar_inner_sanctum, serial_shops, shop,
          minmay_misc_feat_roman, roderic_roman_lattice,
          kennysheep_decorative_pillar
D:2:      layout_rooms, basic_altar, st_stairs_7, uniq_terence
D:3:      layout_rooms, mainiacjoe_overflow_concentric_impassable,
          mainiacjoe_overflow_catwalk, led_xom_imps, uniq_sigmund, uniq_jessica
D:4:      layout_cave_pools, kennysheep_mini, minmay_temple_entry_glassed_door,
          gup_sewer_entry_spiral
D:5:      layout_gridville, jmf_multi_god_temple
D:6:      layout_basic, serial_shops, shop_fountains, uniq_eustachio, uniq_pikel
D:7:      layout_loops_ring, vehumet_crystals, nicolae_gozag_seed_capital,
          elyvilon_altar_5
D:8:      layout_gridville, mainiacjoe_overflow_surrounded_room, st_stairs_13
D:9:      layout_irregular_city, nicolae_wu_jian_wuxing_cycle,
          mainiacjoe_overflow_24_doors, david_orc_4, serial_shops,
          nicolae_diamond_shop, nicolae_shop_overcharged_wands, uniq_maurice
D:10:     layout_loops_corners, fedhas_altar_3, due_lair_maze_entry_diamond
D:11:     layout_grid_maze, minivault_28
D:12:     layout_small_grid, gauntlet_entry_generic, abandoned_shop,
          minmay_misc_feat_cross, hangedman_fish_farm, uniq_psyche
D:13:     minmay_quarter_circles, layout_rooms, tgw_trog
D:14:     layout_loops_ring, skrybe_vaults_entry_preservation,
          minmay_misc_feat_encased, kennysheep_generic_room_14
D:15:     gammafunk_enter_depths_forms, layout_long_grid,
          kiku_gazebo_pond_becter
Temple:   nicolae_temple_figure_zero
Lair:1:   layout_gridlike, serial_bayou_lake_a, grunt_megastairs_1,
          infiniplex_staircase_pool_2, serial_bayou_shore_b, lemuel_fruit_tree,
          uniq_nergalle
Lair:2:   layout_regular_city, spider_nest_entry_webs
Lair:3:   layout_cave_pods, gammafunk_ghost_berserking_beasts
Lair:4:   layout_layer_cave, nicolae_swamp_entry_splash_gauntlet, basic_altar,
          grunt_megastairs_5
Lair:5:   layout_cellular_growth, serial_bayou_shore_a
Lair:6:   evilmike_catoblepas_cave, layout_cellular_growth, slime_altar_1,
          grunt_forest_large_clearings, uniq_josephine
Swamp:1:  layout_basic_swamp, evilmike_swamp_ruin_house_1,
          nicolae_swamp_small_spring, uniq_aizul
Swamp:2:  layout_basic_swamp, gammafunk_ghost_necromancy,
          hangedman_swamp_ruin_wall, swamp_pool5, infiniplex_staircase_pool
Swamp:3:  layout_basic_swamp, hangedman_swamp_blocks, swamp_pool1
Swamp:4:  nzn_swamp_witches_coven, layout_basic_swamp
Spider:1: layout_chambers
Spider:2: layout_spider_delve, nicolae_spider_claw_tunnel, uniq_nikola
Spider:3: layout_spider_delve
Spider:4: floodkiller_spider_rune_tomb, nicolae_spider_some_kinda_spiderbox,
          uniq_arachne
Orc:1:    layout_caves
Orc:2:    pubby_orc_utopia, uniq_jorgrun
Vaults:1: grunt_vaults_funnel, v_misc_14, nicolae_vaults_little_squares_2,
          v_pattern_3, v_misc_2, v_misc_28, layout_vaults_omnigrid,
          serial_shops, shop
Vaults:2: ontoclasm_vaults_eye, vaults_standard_mumra_x, hangedman_vaults_locks,
          vaults_standard_mumra_enter_the_diamond, v_misc_17, v_misc_15,
          ontoclasm_vaults_shout, v_rooms_1, v_misc_17,
          ontoclasm_vaults_gateway, vaults_standard_mumra_enter_the_diamond,
          vaults_room_stairs_pillars, nicolae_vaults_little_squares_3,
          nicolae_vaults_little_squares_2, vaults_room_semicircle,
          layout_vaults_omnibox, serial_shops, shop_fountains,
          portal_desolation_entry_salt
Vaults:3: ontoclasm_vaults_ligature, vaults_room_fancy_cross,
          minmay_crypt_entry_skeletal_spiral, nicolae_vaults_big_angled_halls,
          vaults_mumra_chevron, hangedman_vaults_trim, v_rooms_2,
          grunt_vaults_focal, ontoclasm_vaults_twist, hangedman_vaults_capsules,
          nicolae_vaults_little_squares_6, layout_vaults_chaotic_city
Vaults:4: gammafunk_vaults_ghost_crypt, v_misc_2, grunt_vaults_hallway_short,
          vaults_dpeg_diagonal, hangedman_vaults_stagger, v_pattern_4,
          vaults_room_grunt_arrival_ludios, v_misc_3, vaults_dpeg_ring,
          layout_vaults_ring, mu_enter_wizlab_1, serial_shops, shop_fountains,
          shop, shop, uniq_saint_roka
WizLab:   wizlab_maxwell

Skill      XL: |  1  2  3  4  5  6  7  8  9 10 11 12 13 14 15 16 17 18 19 20 |
---------------+-------------------------------------------------------------+-----
Dodging        | 2 3 4 5 6 7 8 9 10 | 10.7
Stealth        | 2 3 4 5 6 |  6.0
Ice Magic      | 4 5 6 7 9 10 11 12 13 14 15 16 17 | 17.5
Fighting       | 1 2 3 4 5 6 7 8 10 12 13 14 15 17 18 | 18.5
Spellcasting   | 3 4 5 6 7 8 9 10 11 12 13 | 13.7
Shields        | 1 2 3 4 6 7 8 9 10 | 10.0
Conjurations   | 2 3 5 6 9 10 | 10.0
Throwing       | 1 2 |  2.0
Earth Magic    | 3 5 7 |  7.7
Evocations     | 4 5 7 8 9 10 | 10.0
Armour         | 2 5 8 9 11 12 | 12.0

Action                   |  1- 3 |  4- 6 |  7- 9 | 10-12 | 13-15 | 16-18 | 19-21 || total
-------------------------+-------+-------+-------+-------+-------+-------+-------++-------
Melee: Unarmed           |    18 |       |       |       |       |       |       ||    18
       Dagger            |    28 |    54 |   439 |   100 |       |       |       ||   621
       Kick              |       |    11 |   112 |    13 |    33 |    96 |    89 ||   354
       Hand axe          |       |       |       |    58 |   340 |   269 |    27 ||   694
       Staff             |       |       |       |       |       |       |   203 ||   203
Throw: Boomerang         |       |       |     2 |     2 |     8 |     8 |     1 ||    21
 Cast: Freeze            |    73 |    10 |    29 |    43 |     4 |       |       ||   159
       Frozen Ramparts   |     1 |     7 |    29 |    67 |    66 |    60 |    12 ||   242
       Ozocubu's Armour  |       |     2 |    11 |    29 |    31 |    35 |    12 ||   120
       Hailstorm         |       |     1 |     8 |    33 |    20 |     1 |       ||    63
       Shock             |       |       |       |    23 |       |     3 |       ||    26
       Stone Arrow       |       |       |       |    83 |   213 |   317 |   135 ||   748
       Ozocubu's Refrige |       |       |       |       |   114 |   353 |   155 ||   622
       Iron Shot         |       |       |       |       |       |       |    58 ||    58
Evoke: Box of beasts     |       |       |       |       |       |     1 |     1 ||     2
       Condenser vane    |       |       |       |       |       |     1 |       ||     1
       Wand              |       |       |       |       |       |       |     3 ||     3
  Use: Scroll            |       |       |       |    10 |    13 |     8 |    11 ||    42
       Potion            |       |       |       |       |       |     1 |     6 ||     7
 Stab: Sleeping          |       |     2 |     4 |       |     7 |     2 |     2 ||    17
       Distracted        |       |       |     1 |       |     2 |     1 |       ||     4
Armor: Robe              |    17 |    14 |   146 |   154 |   296 |       |       ||   627
       Ring mail         |       |       |       |       |    88 |   316 |   177 ||   581
Dodge: Dodged            |    68 |    33 |   476 |   318 |   566 |   440 |   199 ||  2100
Block: Buckler           |       |       |       |   107 |   172 |   257 |   140 ||   676
       Reflection        |       |       |       |       |       |     1 |    13 ||    14

Table legend: (Time is in decaauts)
 A = Elapsed time spent in this place.
 B = Non-inter-level travel time spent in this place.
 C = Inter-level travel time spent in this place.
 D = Time resting spent in this place.
 E = Time spent auto-exploring this place.
 F = Levels seen in this place.
 G = Mean time per level.
                   A        B        C        D        E       F      G
               +--------+--------+--------+--------+--------+-----+--------+
         Total |  47886 |  44180 |   3706 |   5301 |  28951 |  40 | 1197.2 |
       Dungeon |  18121 |  16612 |   1509 |   2113 |  11291 |  15 | 1208.1 |
        Temple |    123 |    113 |     10 |      0 |    112 |   1 |  123.0 |
          Lair |   8051 |   7122 |    929 |    261 |   5037 |   6 | 1341.8 |
         Swamp |   4786 |   4585 |    201 |    683 |   3156 |   4 | 1196.5 |
   Spider Nest |   4840 |   4561 |    279 |    378 |   3110 |   4 | 1210.0 |
  Orcish Mines |   2797 |   2572 |    225 |    119 |   1853 |   2 | 1398.5 |
        Vaults |   5561 |   5011 |    550 |    615 |   3379 |   4 | 1390.2 |
         Sewer |    545 |    545 |      0 |     48 |    357 |   1 |  545.0 |
        Wizlab |   1306 |   1306 |      0 |    608 |    136 |   1 | 1306.0 |
    Desolation |   1316 |   1316 |      0 |    396 |    402 |   1 | 1316.0 |
      Gauntlet |    435 |    435 |      0 |     80 |    116 |   1 |  435.0 |
               +--------+--------+--------+--------+--------+-----+--------+

Top non-repeatable levels by time:
   Orc:2: 2287 daAuts
Vaults:1: 2051 daAuts
Vaults:3: 2008 daAuts
     D:5: 1936 daAuts
     D:9: 1770 daAuts
  Lair:6: 1700 daAuts
Spider:4: 1691 daAuts
     D:1: 1657 daAuts
 Swamp:4: 1652 daAuts
  Lair:4: 1477 daAuts
    D:11: 1458 daAuts
     D:2: 1442 daAuts
Spider:1: 1441 daAuts
  Lair:3: 1402 daAuts
Vaults:2: 1385 daAuts
